[Event "26th OIBM 2023"]
[Site "Gmund am Tegernsee"]
[Date "2023.11.03"]
[Round "7.35"]
[White "Beisteiner, Joachim"]
[Black "Ohler, Julius"]
[Result "1-0"]
[ECO "B12"]
[WhiteElo "2115"]
[BlackElo "2273"]
[Annotator "RC"]
[PlyCount "123"]
[EventDate "2023.10.04"]
[EventType "swiss"]
[EventCountry "GER"]
[SourceTitle "playchess.com"]
[Source "ChessBase"]
[SourceQuality "1"]
[TimeControl "40/5400+30:1800+30"]

1. e4 c6 2. d4 d5 3. e5 Bf5 4. c4 e6 5. Nc3 Ne7 6. a3 dxc4 7. Bxc4 Nd7 8. Nge2 Nb6 9. Bb3 h6 10. O-O Ned5 11. Ng3 Nxc3 12. bxc3 Bg6 13. f4 Qd7 14. f5 Bxf5 15. Nxf5 exf5 16. e6 fxe6 17. Bxe6 Qxe6 18. Re1 Qxe1+ 19. Qxe1+ Kf7 20. Qe5 Be7 21. Qxf5+ Bf6 22. Bf4 Rhe8 23. Be5 Re6 24. Rf1 Nd7 25. h3 Rae8 26. Bxf6 Nxf6 27. Kh2 Kg8 28. Rf3 R8e7 29. a4 a6 30. Rg3 Kf7 31. a5 Kg8 32. Rf3 Kf7 33. Rf1 Rd7 34. Rb1 Ree7 35. Rb2 Re6 36. Qf4 Ree7 37. Qg3 Rd5 38. Qb8 Rdd7 39. Rb1 Nd5 40. Qg3 Nf6 41. Re1 Rxe1 42. Qxe1 Rd5 43. Qb1 Rd7 44. c4 Ke7 45. Qf5 Kd8 46. Qe5 Ne8 47. Kg1 Nd6 48. Qc5 Ne8 49. Kf2 Nf6 50. Ke3 Ke8 51. Kd3 Kf7 52. Qf5 Ke7 53. Qe5+ Kf7 54. g4 Re7 55. Qb8 Rd7 56. Qc8 Ke7 57. Qb8 Kf7 58. Kc3 Kg6 59. Qf4 Rd5 60. Kb4 Rd7 61. h4 Re7 62. Qf5+ 1-0

[Event "26th OIBM 2023"]
[Site "Gmund am Tegernsee"]
[Date "2023.11.03"]
[Round "7.36"]
[White "Renner, Kai"]
[Black "Dalinger, Valeri"]
[Result "1-0"]
[ECO "C88"]
[WhiteElo "2103"]
[BlackElo "2269"]
[Annotator "RC"]
[PlyCount "127"]
[EventDate "2023.10.04"]
[EventType "swiss"]
[EventCountry "GER"]
[SourceTitle "playchess.com"]
[Source "ChessBase"]
[SourceQuality "1"]
[TimeControl "40/5400+30:1800+30"]

1. e4 e5 2. Nf3 Nc6 3. Bb5 a6 4. Ba4 Nf6 5. O-O Be7 6. Re1 b5 7. Bb3 O-O 8. a4 Rb8 9. d3 d6 10. c3 Na5 11. Bc2 c5 12. Nbd2 b4 13. d4 cxd4 14. cxd4 Nc6 15. Nb3 Bg4 16. d5 Na5 17. h3 Bh5 18. g4 Nxb3 19. Bxb3 Bg6 20. Bc2 Nd7 21. Be3 Rc8 22. Bd3 a5 23. Rc1 Rc7 24. Qe2 Qb8 25. Rxc7 Qxc7 26. Rc1 Nc5 27. Nd2 Qd8 28. Bxc5 dxc5 29. Nc4 Bg5 30. Rd1 Bf4 31. Kg2 h5 32. Rh1 hxg4 33. hxg4 f6 34. b3 Kf7 35. f3 Re8 36. Qf2 Qc7 37. Kf1 Rd8 38. Qe2 Qa7 39. Ke1 Qc7 40. Kd1 Qa7 41. Kc2 Qc7 42. Kb2 Qa7 43. Qf1 Qc7 44. Be2 Qa7 45. Qd1 Ke7 46. Ka2 Kd7 47. Qd3 Rb8 48. Nb2 Bh6 49. Rd1 Bf7 50. Kb1 Kd8 51. Kc2 Kd7 52. Qa6 Qxa6 53. Bxa6 Kd8 54. Bb5 Be8 55. Bxe8 Kxe8 56. Nc4 Ra8 57. d6 g6 58. Rd5 Bf8 59. Rxc5 Kf7 60. Rxa5 Rxa5 61. Nxa5 Bxd6 62. Kd3 Ke6 63. Kc4 Kd7 64. Kd5 1-0

[Event "26th OIBM 2023"]
[Site "Gmund am Tegernsee"]
[Date "2023.11.03"]
[Round "7.37"]
[White "Tillmann, Markus"]
[Black "Weber, Samuel"]
[Result "1-0"]
[ECO "E30"]
[WhiteElo "2085"]
[BlackElo "2267"]
[Annotator "RC"]
[PlyCount "73"]
[EventDate "2023.10.04"]
[EventType "swiss"]
[EventCountry "GER"]
[SourceTitle "playchess.com"]
[Source "ChessBase"]
[SourceQuality "1"]
[TimeControl "40/5400+30:1800+30"]

1. d4 Nf6 2. c4 e6 3. Nc3 Bb4 4. Bg5 c5 5. Bxf6 Qxf6 6. e3 Nc6 7. Nf3 g5 8. a3 Ba5 9. h3 h5 10. b4 cxb4 11. Ne4 Qe7 12. c5 b6 13. Bb5 bxa3+ 14. Kf1 Kf8 15. d5 exd5 16. Qxd5 Rh6 17. Nd6 bxc5 18. Nf5 Qf6 19. Rxa3 Qb2 20. Rxa5 Nxa5 21. Nxh6 Qxb5+ 22. Kg1 Qb1+ 23. Kh2 Qb8+ 24. g3 Ke8 25. Nxf7 Qb2 26. Nd6+ Ke7 27. Ne4 Bb7 28. Qxg5+ Ke8 29. Qxh5+ Kd8 30. Qg5+ Ke8 31. Nfd2 d5 32. Rb1 Qh8 33. Nd6+ Kd7 34. Nxb7 Rf8 35. Qxd5+ Kc7 36. Qxc5+ Nc6 37. Qd6+ 1-0

[Event "26th OIBM 2023"]
[Site "Gmund am Tegernsee"]
[Date "2023.11.03"]
[Round "7.38"]
[White "Hanisch, Sebastian"]
[Black "Hainke, Guntram"]
[Result "1-0"]
[ECO "B13"]
[WhiteElo "2070"]
[BlackElo "2266"]
[Annotator "RC"]
[PlyCount "89"]
[EventDate "2023.10.04"]
[EventType "swiss"]
[EventCountry "GER"]
[SourceTitle "playchess.com"]
[Source "ChessBase"]
[SourceQuality "1"]
[TimeControl "40/5400+30:1800+30"]

1. d4 d5 2. Bf4 c5 3. e3 cxd4 4. exd4 Nc6 5. c3 Bf5 6. Bd3 Bxd3 7. Qxd3 e6 8. Nf3 Bd6 9. Bxd6 Qxd6 10. O-O Nge7 11. Nbd2 O-O 12. Rae1 Rfe8 13. Ne5 f6 14. Nxc6 Nxc6 15. f4 Rad8 16. Re3 Ne7 17. Qe2 Nf5 18. Rh3 Qc7 19. Kh1 g6 20. Qf2 a6 21. g4 Nd6 22. Qh4 Qg7 23. Re3 f5 24. Rxe6 Qf7 25. Re5 fxg4 26. Qxg4 Rxe5 27. fxe5 Nf5 28. Qf3 Qd7 29. Rf2 Ng7 30. Nf1 Ne6 31. Ne3 Rf8 32. Qg3 Rxf2 33. Qxf2 Qd8 34. Qf3 Nc7 35. Ng4 Qg5 36. Nf6+ Kg7 37. Qf2 Qc1+ 38. Kg2 Qg5+ 39. Kf3 Qc1 40. h4 Qh1+ 41. Kg3 h6 42. Ng4 h5 43. Qf6+ Kh7 44. Qf7+ Kh8 45. Qf8+ 1-0

[Event "26th OIBM 2023"]
[Site "Gmund am Tegernsee"]
[Date "2023.11.03"]
[Round "7.39"]
[White "Neukirchner, Pascal"]
[Black "Czap, Bernard"]
[Result "1/2-1/2"]
[ECO "A07"]
[WhiteElo "2265"]
[BlackElo "2028"]
[Annotator "RC"]
[PlyCount "78"]
[EventDate "2023.10.04"]
[EventType "swiss"]
[EventCountry "GER"]
[SourceTitle "playchess.com"]
[Source "ChessBase"]
[SourceQuality "1"]
[TimeControl "40/5400+30:1800+30"]

1. Nf3 d5 2. g3 g6 3. Bg2 Bg7 4. O-O e5 5. d3 Nc6 6. Nc3 Nge7 7. e4 dxe4 8. dxe4 O-O 9. Nd5 Nxd5 10. exd5 Nd4 11. c3 Nxf3+ 12. Qxf3 f5 13. c4 e4 14. Qe2 c6 15. Rd1 cxd5 16. cxd5 Qb6 17. Be3 Qxb2 18. Qxb2 Bxb2 19. Rab1 Bf6 20. f3 b6 21. a4 exf3 22. Bxf3 Bd7 23. a5 bxa5 24. Rb7 Ba4 25. Rd2 Rf7 26. Rb1 Re8 27. Bf2 a6 28. Rb6 Bb5 29. Rc2 a4 30. d6 Rd7 31. Bc5 Kg7 32. Kg2 Be5 33. Bc6 Bxc6+ 34. Rxc6 Kf6 35. Re2 Re6 36. Rxa6 Bxd6 37. Rxe6+ Kxe6 38. Bxd6 Rxd6 39. Rxa4 Kf6 1/2-1/2

[Event "26th OIBM 2023"]
[Site "Gmund am Tegernsee"]
[Date "2023.11.03"]
[Round "7.40"]
[White "Semprun Martinez, Fernando"]
[Black "Wyss, Jonas"]
[Result "1/2-1/2"]
[ECO "E04"]
[WhiteElo "2064"]
[BlackElo "2265"]
[Annotator "RC"]
[PlyCount "78"]
[EventDate "2023.10.04"]
[EventType "swiss"]
[EventCountry "GER"]
[SourceTitle "playchess.com"]
[Source "ChessBase"]
[SourceQuality "1"]
[TimeControl "40/5400+30:1800+30"]

1. d4 d5 2. c4 e6 3. Nf3 Nf6 4. g3 dxc4 5. Bg2 c5 6. O-O Nc6 7. dxc5 Qxd1 8. Rxd1 Bxc5 9. Nbd2 c3 10. bxc3 O-O 11. Nb3 Be7 12. Nfd4 Nxd4 13. cxd4 Nd5 14. Bb2 f5 15. Nc5 b6 16. Nd3 Ba6 17. Rac1 Rac8 18. e4 fxe4 19. Bxe4 Rxc1 20. Nxc1 Rc8 21. Rd2 Nc3 22. Bd3 Bxd3 23. Nxd3 Nxa2 24. Re2 Nb4 25. Nf4 Kf7 26. Nxe6 Rc2 27. Rxc2 Nxc2 28. d5 Bf6 29. Bxf6 Kxf6 30. Kf1 Nb4 31. Nc7 Ke5 32. f4+ Kd6 33. Nb5+ Kxd5 34. Nxa7 Kc5 35. Ke2 Nd5 36. Kd3 Ne7 37. Ke4 g6 38. g4 b5 39. Nxb5 Kc4 1/2-1/2

[Event "26th OIBM 2023"]
[Site "Gmund am Tegernsee"]
[Date "2023.11.03"]
[Round "7.41"]
[White "Hoy, Bernd"]
[Black "Mueller, Elias"]
[Result "1-0"]
[ECO "B25"]
[WhiteElo "2251"]
[BlackElo "2015"]
[Annotator "RC"]
[PlyCount "134"]
[EventDate "2023.10.04"]
[EventType "swiss"]
[EventCountry "GER"]
[SourceTitle "playchess.com"]
[Source "ChessBase"]
[SourceQuality "1"]
[TimeControl "40/5400+30:1800+30"]

1. e4 c5 2. Nf3 d6 3. Nc3 Nf6 4. d3 Nc6 5. g3 g6 6. Bg2 Bg7 7. h3 O-O 8. O-O Rb8 9. Be3 b5 10. Qd2 b4 11. Ne2 Nd7 12. Rab1 Qa5 13. Bh6 Qxa2 14. Bxg7 Kxg7 15. Nh4 a5 16. b3 Nd4 17. Nxd4 cxd4 18. Qc1 Nc5 19. Ra1 Nxb3 20. Rxa2 Nxc1 21. Rxc1 Be6 22. Rxa5 Rfc8 23. Raa1 Rc3 24. Nf3 b3 25. cxb3 Rxd3 26. Ra4 Bxh3 27. Rxd4 Rxd4 28. Nxd4 Bxg2 29. Kxg2 e5 30. Nc6 Rxb3 31. Rd1 Rc3 32. Rxd6 Rc4 33. Kf3 f6 34. Rd7+ Kh6 35. Ne7 Kg5 36. Nd5 Rd4 37. Ke3 f5 38. f4+ Kg4 39. Nf6+ Kxg3 40. fxe5 Rxd7 41. Nxd7 f4+ 42. Kd4 f3 43. e6 f2 44. e7 f1=Q 45. e8=Q Qf2+ 46. Kd5 Qd2+ 47. Ke6 Qf4 48. Nf6 Qc7 49. e5 Qc4+ 50. Nd5 Qe4 51. Kd6 h5 52. e6 h4 53. Qh8 h3 54. Qc3+ Kg2 55. Ne3+ Kf2 56. Nd1+ Ke2 57. Qxh3 Qb4+ 58. Kd7 Qb7+ 59. Ke8 Qb8+ 60. Kf7 Qf4+ 61. Kg8 Qb8+ 62. Kh7 Kxd1 63. Qd3+ Ke1 64. Qe4+ Kd1 65. Qa4+ Ke1 66. e7 Qh2+ 67. Kg8 Qb8+ 1-0

[Event "26th OIBM 2023"]
[Site "Gmund am Tegernsee"]
[Date "2023.11.03"]
[Round "7.42"]
[White "Deglmann, Ludwig"]
[Black "Galioglu, Cem"]
[Result "1/2-1/2"]
[ECO "A15"]
[WhiteElo "2243"]
[BlackElo "1921"]
[Annotator "RC"]
[PlyCount "33"]
[EventDate "2023.10.04"]
[EventType "swiss"]
[EventCountry "GER"]
[SourceTitle "playchess.com"]
[Source "ChessBase"]
[SourceQuality "1"]
[TimeControl "40/5400+30:1800+30"]

1. Nf3 Nf6 2. c4 g6 3. b4 Bg7 4. Bb2 O-O 5. e3 Nc6 6. b5 Na5 7. d4 a6 8. a4 b6 9. Nbd2 Bb7 10. Bd3 d6 11. Qc2 Nd7 12. Be4 Bxe4 13. Nxe4 c5 14. dxc5 Bxb2 15. Qxb2 Nxc4 16. Qc3 Na5 17. Qb2 1/2-1/2

[Event "26th OIBM 2023"]
[Site "Gmund am Tegernsee"]
[Date "2023.11.03"]
[Round "7.43"]
[White "Heppert, Lars"]
[Black "Stricker, Florian"]
[Result "0-1"]
[ECO "E90"]
[WhiteElo "1924"]
[BlackElo "2238"]
[Annotator "RC"]
[PlyCount "56"]
[EventDate "2023.10.04"]
[EventType "swiss"]
[EventCountry "GER"]
[SourceTitle "playchess.com"]
[Source "ChessBase"]
[SourceQuality "1"]
[TimeControl "40/5400+30:1800+30"]

1. Nf3 d6 2. d4 Nf6 3. c4 g6 4. Nc3 Bg7 5. e4 Bg4 6. Be2 Bxf3 7. gxf3 Nbd7 8. Be3 e5 9. Qd2 O-O 10. O-O-O Re8 11. h4 h5 12. d5 Kh7 13. Bg5 Qb8 14. f4 exf4 15. Qxf4 a6 16. Rdg1 Re5 17. Bxf6 Nxf6 18. Rg5 Qe8 19. Bf3 b5 20. cxb5 axb5 21. Rxe5 dxe5 22. Qg3 b4 23. Nd1 Rxa2 24. Rg1 Bh6+ 25. Ne3 Bf4 26. Qg2 Qa4 27. Bd1 b3 28. Qf3 Qd4 0-1

[Event "26th OIBM 2023"]
[Site "Gmund am Tegernsee"]
[Date "2023.11.03"]
[Round "7.44"]
[White "Kurmangaliyeva, Liya"]
[Black "Gold, Florian"]
[Result "1-0"]
[ECO "C02"]
[WhiteElo "2236"]
[BlackElo "1898"]
[Annotator "RC"]
[PlyCount "59"]
[EventDate "2023.10.04"]
[EventType "swiss"]
[EventCountry "GER"]
[SourceTitle "playchess.com"]
[Source "ChessBase"]
[SourceQuality "1"]
[TimeControl "40/5400+30:1800+30"]

1. e4 e6 2. d4 d5 3. e5 c5 4. c3 Nc6 5. Nf3 Bd7 6. Be2 Nge7 7. Na3 cxd4 8. cxd4 Nf5 9. Nc2 Qb6 10. O-O h5 11. Bd3 g6 12. Rb1 Nb4 13. Nxb4 Bxb4 14. a3 Be7 15. Bxf5 exf5 16. Bg5 Bxg5 17. Nxg5 f4 18. Qd2 O-O 19. Qxf4 Bf5 20. Rbc1 Qxb2 21. h3 Rac8 22. Rxc8 Bxc8 23. Rc1 Bf5 24. Re1 Be6 25. Re3 Rc8 26. Nxe6 fxe6 27. Kh2 Qb1 28. Rf3 Rc7 29. Qf6 Qe4 30. Qd8+ 1-0

[Event "26th OIBM 2023"]
[Site "Gmund am Tegernsee"]
[Date "2023.11.04"]
[Round "8.1"]
[White "Schneider, Ilja"]
[Black "Golubka, Petro"]
[Result "1/2-1/2"]
[ECO "B43"]
[WhiteElo "2468"]
[BlackElo "2434"]
[Annotator "ChessBase"]
[PlyCount "85"]
[EventDate "2023.10.04"]
[EventType "swiss"]
[EventCountry "GER"]
[SourceTitle "playchess.com"]
[Source "ChessBase"]
[SourceQuality "1"]
[TimeControl "40/5400+30:1800+30"]

1. e4 c5 2. Nc3 e6 3. Nf3 a6 4. g3 b5 5. Bg2 Bb7 6. d4 cxd4 7. Nxd4 Nf6 8. O-O b4 9. Na4 Qa5 10. c4 Bxe4 11. Bxe4 Nxe4 12. Re1 Nc5 13. Qf3 Ra7 14. Nxc5 Qxc5 15. Be3 Qc7 16. Nf5 Rb7 17. Qg4 g6 18. Qd4 Rg8 19. Nh6 Bxh6 20. Bxh6 Nc6 21. Qh4 Qa5 22. Bg5 h5 23. Rad1 Qf5 24. h3 Ne5 25. Re3 Nf3+ 26. Rxf3 Qxf3 27. Qd4 f6 28. Bxf6 g5 29. Rd3 Qf5 30. g4 hxg4 31. hxg4 Qf4 32. Qc5 Kf7 33. Qe7+ Kg6 34. Rh3 Qxg4+ 35. Kh2 Qf4+ 36. Kg1 g4 37. Rh7 Qxf6 38. Rh6+ Kxh6 39. Qxf6+ Kh7 40. Qf7+ Rg7 41. Qh5+ Kg8 42. Qe8+ Kh7 43. Qh5+ 1/2-1/2

[Event "26th OIBM 2023"]
[Site "Gmund am Tegernsee"]
[Date "2023.11.04"]
[Round "8.2"]
[White "Stocek, Jiri"]
[Black "Gopal G.N."]
[Result "1/2-1/2"]
[ECO "D52"]
[WhiteElo "2535"]
[BlackElo "2573"]
[Annotator "TA"]
[PlyCount "93"]
[EventDate "2023.10.04"]
[EventType "swiss"]
[EventCountry "GER"]
[SourceTitle "playchess.com"]
[Source "ChessBase"]
[SourceQuality "1"]
[TimeControl "40/5400+30:1800+30"]

1. Nf3 d5 2. d4 Nf6 3. c4 c6 4. Nc3 e6 5. Bg5 Nbd7 6. e3 Qa5 7. cxd5 {[%emt 0:00:50] seems to push 7.Nd2 aside.} Nxd5 8. Rc1 {[%emt 0:01:29][%cal Ba1c1,Bc1c2,Bc2d2,Bd2d1][%mdl 32] D52: Queen's Gambit Declined: Cambridge Springs Variation.} h6 9. Bh4 Nxc3 10. bxc3 Ba3 11. Rc2 b6 12. Nd2 ({But not} 12. Ne5 Nxe5 13. dxe5 Bb7 $15) 12... Ba6 {[%emt 0:19:22] [#] Wards off Bd3} 13. Nc4 $146 ({Predecessor:} 13. c4 O-O 14. Bd3 c5 15. O-O cxd4 16. exd4 Rfe8 17. Qe2 Rac8 18. c5 Qa4 19. Bxa6 Qxc2 20. Bxc8 Rxc8 {1-0 Tan,Z (2514)-Goryachkina,A (2584) Candidates (Women) Pool-B 2022 (2.4)}) 13... Qa4 14. Rd2 Qxd1+ 15. Rxd1 (15. Kxd1 $5 Be7 16. Nd6+ {[%mdl 64] Discovered Attack} Bxd6 17. Bxa6 $11) 15... Be7 16. Bg3 (16. Nd6+ $5 Bxd6 17. Bxa6 $11) 16... c5 17. Nd6+ {[%emt 0:05:44][%mdl 64] Discovered Attack} Bxd6 18. Bxa6 Bxg3 19. hxg3 Ke7 20. Ke2 Rhd8 21. f3 Rab8 22. a4 Nf6 23. Rb1 Nd5 24. Rhc1 Nc7 25. Bd3 cxd4 26. cxd4 Rdc8 27. e4 Ne8 28. Ke3 Kd8 29. Bb5 Rxc1 30. Rxc1 $11 {[%emt 0:00:27][%mdl 4096] Endgame KRB-KRN} Rb7 31. Bc6 Rc7 32. e5 Rc8 33. g4 Nc7 34. Rb1 Ke7 (34... Ne8 $5 35. Be4 Nc7 $14) 35. Kd3 Rd8 36. g3 (36. a5 $14 {deserves consideration.}) 36... Nd5 (36... f6 $5 ) 37. f4 g6 38. Rb3 h5 39. gxh5 gxh5 {[%emt 0:00:01] [#]} 40. Ke4 (40. a5 $1 $16) 40... f5+ 41. Kf3 Nc7 (41... Kf7 $11) 42. Rb4 $14 Rh8 {[%emt 0:13:36] [#]} 43. Rb2 (43. a5 $1 $16 ) 43... Rc8 (43... Rd8 $11 {keeps the balance.}) 44. Bb7 {[%emt 0:04:32] White is more active.} (44. Rc2 $5 Na6 45. Rc4 $14) 44... Rb8 45. Bc6 Rc8 46. Bb7 (46. Rc2 $16 {Hoping for Bb7.} Nd5 47. Rc4) 46... Rb8 $11 47. Bc6 {[%emt 0:00:04] Weighted Error Value: White=0.18 (very precise) /Black=0.14 (very precise)} 1/2-1/2

[Event "26th OIBM 2023"]
[Site "Gmund am Tegernsee"]
[Date "2023.11.04"]
[Round "8.3"]
[White "Vogel, Roven"]
[Black "Schmider, Niklas"]
[Result "1/2-1/2"]
[ECO "A13"]
[WhiteElo "2471"]
[BlackElo "2395"]
[Annotator "ChessBase"]
[PlyCount "66"]
[EventDate "2023.10.04"]
[EventType "swiss"]
[EventCountry "GER"]
[SourceTitle "playchess.com"]
[Source "ChessBase"]
[SourceQuality "1"]
[TimeControl "40/5400+30:1800+30"]

1. Nf3 Nf6 2. c4 e6 3. b3 d5 4. Bb2 c5 5. e3 Nc6 6. cxd5 exd5 7. Nc3 d4 8. Na4 d3 9. Bc3 Bf5 10. Nb2 Qd6 11. Nh4 Be4 12. f3 Bg6 13. g3 O-O-O 14. Nxg6 hxg6 15. Nxd3 Nd5 16. Bb2 Qe6 17. Nf4 Nxf4 18. gxf4 Be7 19. Bc4 Bh4+ 20. Ke2 Qh3 21. Qg1 Qd7 22. Bc3 b5 23. Bxb5 Nd4+ 24. exd4 Qxb5+ 25. Kd1 cxd4 26. Bxd4 Qd3 27. Rc1+ Kb7 28. Bc3 Bf6 29. Qf1 Qxf1+ 30. Rxf1 Rxh2 31. Bb4 Rd5 32. Rc2 a5 33. Bc5 Bd4 1/2-1/2

[Event "26th OIBM 2023"]
[Site "Gmund am Tegernsee"]
[Date "2023.11.04"]
[Round "8.4"]
[White "Lagarde, Maxime"]
[Black "Schachinger, Mario"]
[Result "1-0"]
[ECO "B40"]
[WhiteElo "2626"]
[BlackElo "2385"]
[Annotator "TA"]
[PlyCount "97"]
[EventDate "2023.10.04"]
[EventType "swiss"]
[EventCountry "GER"]
[SourceTitle "playchess.com"]
[Source "ChessBase"]
[SourceQuality "1"]
[TimeControl "40/5400+30:1800+30"]

1. e4 c5 2. Nf3 e6 3. b3 b6 4. Bb2 Bb7 5. Nc3 Nf6 6. Qe2 {[%emt 0:00:07] B40: Sicilian: 2...e6, Unusual lines.} (6. e5 $5 Nd5 7. Nxd5 Bxd5 8. Bb5 $11) 6... Nc6 7. h3 (7. e5 $5 Ng4 8. O-O-O $11) 7... e5 8. O-O-O {[%emt 0:03:09] The position is equal.} d6 {[%emt 0:05:12] [#]} 9. Kb1 $146 ({Predecessor:} 9. Qe3 Be7 10. Bc4 Nd4 11. d3 O-O 12. Nd5 b5 13. Nxf6+ Bxf6 14. Bd5 Bxd5 15. exd5 {0-1 Przybylski,W (2321)-Rychagov,A (2545) Titled Tuesday intern op 27th Oct blitz 2020 (9)}) 9... g6 10. Nh2 Bg7 11. Ng4 Nd4 (11... Nh5 {simplifies} 12. Qe1 a6 13. Ne3 O-O) 12. Qe3 (12. Nxf6+ $11 Bxf6 13. Qe1) 12... h5 (12... Nh5 $17) 13. Nxf6+ $14 Bxf6 14. Bc4 a6 ({Black should try} 14... Bg5 $14 15. Qd3 O-O) 15. Bd5 Nc6 (15... Bg5 $142 16. Qd3 Nc6) 16. f4 $16 {[%emt 0:01:16] White has more active pieces. The black rooks are badly placed.} Qe7 17. Rhf1 Rf8 18. Bxc6+ Bxc6 19. Qd3 exf4 (19... O-O-O $142) 20. Nd5 Bxd5 21. Qxd5 Rb8 22. Qc6+ (22. Rxf4 $6 Be5 23. Bxe5 dxe5 $16) 22... Kd8 23. e5 (23. Rxf4 Bxb2 24. Kxb2 Qe5+ 25. d4 cxd4 $14) (23. Bxf6 $18 {and White stays clearly on top.} Qxf6 24. e5) 23... Bxe5 24. Bxe5 ({White should play} 24. d4 $1 $16 cxd4 25. Bxd4) 24... dxe5 $11 (24... Qxe5 $2 25. Rde1 Qf6 26. Re4 $18) 25. Rf3 {[%emt 0:00:18] Rd3+ would kill now.} Qc7 $1 (25... Qe6 $2 26. Rd3+ Ke7 27. Qc7+ Kf6 28. Rd6 $18) 26. Qf6+ (26. Rd3+ Kc8 27. Qf6 Kb7 $17) 26... Kc8 {[%emt 0:01:31] ...Re8 would be deadly.} 27. Re1 Kb7 28. Rxe5 Rbe8 {[%emt 0:00:28] Inhibits Re7.} 29. Rxe8 Rxe8 30. Rxf4 {[%emt 0:00:23][%mdl 4096] Endgame KQR-KQR} Re7 31. d3 a5 32. a4 Qd7 33. g4 hxg4 34. hxg4 Kc7 35. d4 Qd6 (35... cxd4 $11 {keeps the balance.} 36. Rxd4 Qe8) 36. dxc5 $1 $16 Qxf6 37. Rxf6 bxc5 {[%emt 0:00:06][%cal Oc5c4] KR-KR} 38. Kb2 $1 Kd7 {[%emt 0:02:06] [#]} (38... c4 $16 {is a better defense.}) 39. Kc3 $1 $18 Ke8 {[%emt 0:01:00] [#]} (39... Re3+ $142 40. Kd2 Rg3) 40. Ra6 $1 Re4 $2 (40... Re3+ 41. Kc4 Rg3 42. Rxa5 (42. Kxc5 Rxg4 43. Kb6 f5 $16) 42... Rxg4+ 43. Kd5 (43. Kxc5 $2 {is the wrong capture.} Rg5+ 44. Kd4 Rxa5 $19) 43... Rf4 44. Ra8+ (44. Kxc5 $2 {too greedy.} Rf5+ 45. Kd4 Rxa5 $19) (44. Rxc5 Kd7 $16) 44... Kd7 45. Kxc5 Kc7 46. Ra7+ Kc8) 41. Rxa5 Rxg4 42. Rxc5 f5 43. a5 {[%emt 0:00:25][%cal Ba4a5,Ba5a6][%mdl 32] Threatening mate with a6.} Rg1 44. Kb2 Rd1 45. a6 {[%emt 0:00:31] Intending a7 and mate.} Rd7 46. b4 {[%emt 0:00:00][%cal Bb3b4,Bb4b5,Bb5b6][%mdl 32] aiming for b5.} f4 47. Ra5 {[%emt 0:00:00] White wants to mate with b5.} Ra7 48. b5 f3 49. b6 {[%emt 0:03:00] Weighted Error Value: White=0.16 (very precise) /Black=0.48} 1-0